[Event "FIDE WCCC Open-10 2024"]
[Site "Montesilvano"]
[Date "2024.11.25"]
[Round "10.5"]
[White "Lee, Yugeon"]
[Black "Gim, Hajin"]
[Result "1-0"]
[Annotator "NA RC"]
[ECO "A59"]
[WhiteElo "1690"]
[BlackElo "1603"]
[PlyCount "131"]
[EventDate "2024.11.18"]
[EventType "swiss"]
[EventCountry "ITA"]
[SourceTitle "playchess.com"]
[Source "ChessBase"]
[SourceQuality "1"]
[TimeControl "5400+30"]

1. d4 Nf6 2. c4 c5 3. d5 b5 4. cxb5 a6 5. bxa6 g6 6. Nc3 Bxa6 7. e4 Bxf1 8. Kxf1 d6 9. a4 Bg7 10. g3 O-O 11. Kg2 Nbd7 12. Nf3 Qb6 13. Qe2 Rfb8 14. Nb5 Qa6 15. Ra3 Nb6 16. b3 Ne8 17. Re1 Nd7 18. Nd2 Nb6 19. Nc4 Nxc4 20. bxc4 Qb6 21. f4 Nc7 22. e5 Nxb5 23. cxb5 Qb7 24. Qf3 dxe5 25. fxe5 Rd8 26. Bf4 c4 27. d6 Qxf3+ 28. Kxf3 exd6 29. exd6 g5 30. Bxg5 Rxd6 31. Bf4 Rb6 32. Rb1 c3 33. Ra2 c2 34. Rxc2 Raa6 35. a5 Rxa5 36. Rc6 Ra4 37. Rxb6 Bd4 38. Rb3 Bc5 39. Rb1 Bxb6 40. Rb3 Kf8 41. Be3 Bxe3 42. Kxe3 Ke7 43. b6 Ra8 44. b7 Rb8 45. Kf4 Kf6 46. Rb6+ Ke7 47. Kg5 f6+ 48. Kf5 h5 49. h4 Kd7 50. Rxf6 Ke7 51. Rb6 Kf7 52. Kg5 Ke7 53. Kxh5 Rh8+ 54. Kg4 Rg8+ 55. Kh3 Rb8 56. g4 Kd7 57. g5 Kc7 58. Rb3 Kd6 59. g6 Ke7 60. h5 Kf6 61. Kg4 Kg7 62. Kg5 Kg8 63. h6 Kh8 64. g7+ Kh7 65. Kf6 Rc8 66. bxc8=R 1-0

[Event "FIDE WCCC Open-10 2024"]
[Site "Montesilvano"]
[Date "2024.11.25"]
[Round "10.6"]
[White "Ling, Chenxuan"]
[Black "Kolodziejczyk, Boris"]
[Result "1-0"]
[Annotator "RC"]
[ECO "E95"]
[WhiteElo "1967"]
[BlackElo "2115"]
[PlyCount "132"]
[EventDate "2024.11.18"]
[EventType "swiss"]
[EventCountry "ITA"]
[SourceTitle "playchess.com"]
[Source "ChessBase"]
[SourceQuality "1"]
[TimeControl "5400+30"]

1. d4 Nf6 2. c4 d6 3. Nc3 Nbd7 4. Nf3 g6 5. e4 Bg7 6. Be2 O-O 7. O-O e5 8. Re1 a5 9. Bf1 Re8 10. Be3 h6 11. h3 exd4 12. Bxd4 c6 13. Qc2 Qc7 14. Rad1 g5 15. b3 Ne5 16. Nxe5 dxe5 17. Be3 b6 18. a4 Bf8 19. c5 bxc5 20. Nb1 Nd7 21. Na3 Be7 22. Nc4 Nf8 23. Qc3 f6 24. Nb2 Ne6 25. Bc4 Rb8 26. Bd2 Ra8 27. Be3 Qb6 28. Qc2 Rb8 29. Qe2 Kg7 30. Qh5 Rf8 31. Rd3 Nd4 32. h4 Bd7 33. Bd2 Be8 34. Qd1 Bg6 35. h5 Be8 36. g4 Bd7 37. f3 Rfd8 38. Kf2 Ra8 39. Ree3 Rdb8 40. Be1 Qd8 41. Kg2 Bd6 42. Bc3 Qe7 43. Be1 Rd8 44. Qc1 Bc7 45. Qd1 Be6 46. Kg3 Qf7 47. Kf2 Qe8 48. Kg1 Bf7 49. Bg3 Ne6 50. Rxd8 Rxd8 51. Rd3 Nd4 52. Kg2 Be6 53. Bf2 Qe7 54. Bg3 Bf7 55. Be1 Ne6 56. Bxe6 Bxe6 57. Nc4 Bxc4 58. bxc4 Rd4 59. Bf2 Qd6 60. Bxd4 exd4 61. Rd2 Qg3+ 62. Kf1 Qh3+ 63. Ke2 Qg3 64. Kd3 Qf4 65. Qe2 Kf7 66. e5 Bxe5 1-0

[Event "FIDE WCCC Open-10 2024"]
[Site "Montesilvano"]
[Date "2024.11.25"]
[Round "10.8"]
[White "Tulegen, Ramazan"]
[Black "Zhang, Junyi"]
[Result "1/2-1/2"]
[Annotator "NA RC"]
[ECO "B45"]
[WhiteElo "1818"]
[BlackElo "2061"]
[PlyCount "72"]
[EventDate "2024.11.18"]
[EventType "swiss"]
[EventCountry "ITA"]
[SourceTitle "playchess.com"]
[Source "ChessBase"]
[SourceQuality "1"]
[TimeControl "5400+30"]

1. e4 c5 2. Nf3 e6 3. d4 cxd4 4. Nxd4 Nf6 5. Nc3 Nc6 6. Ndb5 Bc5 7. Bf4 O-O 8. Bc7 Qe7 9. Bd6 Bxd6 10. Qxd6 Qd8 11. Nc7 Rb8 12. Be2 b5 13. e5 Ne8 14. Nxe8 Rxe8 15. O-O b4 16. Ne4 Bb7 17. Qc5 Ba8 18. Rfd1 Qh4 19. Nd6 Rf8 20. g3 Qd8 21. Bf3 Qg5 22. Bxc6 Bxc6 23. Qe3 Qh5 24. f4 Bd5 25. Rf1 a5 26. b3 f6 27. Rae1 fxe5 28. Qxe5 Qg6 29. Rf2 h5 30. Rd1 h4 31. f5 Qg5 32. Rxd5 exd5 33. Qxd5+ Kh7 34. Qd3 Rb6 35. Rf4 hxg3 36. f6+ g6 1/2-1/2

[Event "FIDE WCCC Open-10 2024"]
[Site "Montesilvano"]
[Date "2024.11.25"]
[Round "10.13"]
[White "Andre, Tomas"]
[Black "Dayal, Samar"]
[Result "0-1"]
[Annotator "NA RC"]
[ECO "B78"]
[WhiteElo "1928"]
[BlackElo "1818"]
[PlyCount "106"]
[EventDate "2024.11.18"]
[EventType "swiss"]
[EventCountry "ITA"]
[SourceTitle "playchess.com"]
[Source "ChessBase"]
[SourceQuality "1"]
[TimeControl "5400+30"]

1. e4 c5 2. Nf3 d6 3. d4 cxd4 4. Nxd4 Nf6 5. Nc3 g6 6. Be3 Bg7 7. f3 O-O 8. Qd2 Nc6 9. Bc4 Bd7 10. h4 h5 11. O-O-O Rc8 12. Bb3 Ne5 13. Kb1 Nc4 14. Bxc4 Rxc4 15. g4 hxg4 16. h5 Nxh5 17. Rdg1 Qc8 18. Nd5 Re8 19. fxg4 Bxg4 20. b3 Rc5 21. Rh4 e6 22. Bh6 exd5 23. Bxg7 Kxg7 24. Rxh5 Bxh5 25. Nf5+ Kf6 26. Nxd6 Qc6 27. Nxe8+ Qxe8 28. Qd4+ Qe5 29. Qxc5 dxe4 30. Qf8 Qd5 31. Qh8+ Ke7 32. c4 Qd6 33. Re1 Bf3 34. Qh4+ Kd7 35. Kc1 Qd4 36. Qh3+ Ke7 37. Qh4+ Kf8 38. Qh6+ Ke8 39. Qe3 Qa1+ 40. Kc2 Qxa2+ 41. Kc3 Kf8 42. Qc5+ Kg8 43. Qe5 Qf2 44. Ra1 Qe3+ 45. Kb4 Qb6+ 46. Kc3 a6 47. Qb8+ Kg7 48. Qe5+ Kh7 49. c5 Qd8 50. Qd6 Qg5 51. Ra2 e3 52. Rh2+ Bh5 53. Rh1 e2 0-1

[Event "FIDE WCCC Open-10 2024"]
[Site "Montesilvano"]
[Date "2024.11.25"]
[Round "10.28"]
[White "Nikitakis, Michail"]
[Black "Nguyen, Huynh Minh Huy"]
[Result "1-0"]
[Annotator "TA"]
[ECO "B29"]
[WhiteElo "1818"]
[BlackElo "2423"]
[PlyCount "51"]
[EventDate "2024.11.18"]
[EventType "swiss"]
[EventCountry "ITA"]
[SourceTitle "playchess.com"]
[Source "ChessBase"]
[SourceQuality "1"]
[TimeControl "5400+30"]

1. e4 c5 2. Nf3 Nf6 3. e5 Nd5 4. Nc3 e6 5. Ne4 f5 6. Nc3 Ne7 7. Nb5 {[%emt 0:00:39][%cal Rb5d6] [#]} Ng6 8. b3 a6 {[%emt 0:00:42] White is slightly better.} 9. Nd6+ Bxd6 10. exd6 Qf6 (10... Qb6 $11 {keeps the balance.}) 11. d4 $16 h6 {[%emt 0:06:58][%cal Bh7h6,Bh6h5][%mdl 32] Prevents Bg5} 12. h4 {[%emt 0:40:57] Bb2 is the strong threat. White is more active.} cxd4 (12... O-O $14 {should be considered.}) 13. Qxd4 e5 $2 {[%emt 0:05:56] Loses the game.} (13... Nc6 $16 14. Qxf6 gxf6) 14. Qc5 $18 Nc6 {[%emt 0:08:01] aiming for ...e4.} 15. Bb2 b6 16. Qe3 {[%emt 0:10:19] Strongly threatening h5.} h5 17. O-O-O ({Don't take} 17. Qxb6 Qxd6 18. Rd1 Qe7) 17... O-O $2 (17... b5 18. a4 Bb7 19. axb5 axb5 20. Bxb5 O-O) 18. Bc4+ Kh8 19. Qg5 Nf4 20. g3 b5 21. gxf4 bxc4 22. Qxh5+ Kg8 23. fxe5 (23. Rhg1 $142 Nd4 24. Nxd4 (24. bxc4 Ne2+ 25. Kb1 Nxf4 $18) 24... cxb3 25. fxe5 (25. Nxb3 Qf7 $18) 25... Qxe5 26. Ne6 (26. axb3 Qf4+ 27. Kb1 Rf7 28. Nf3 Qxf3 29. Qxf3 Bb7 30. Qc3 Bg2 31. Rxg2 Kh7) (26. Ne2 Qxb2+ 27. Kxb2 Rf7 28. cxb3 Bb7 29. Nf4 Bf3 30. Qxf3 Raf8) 26... dxe6 27. Bxe5 Rf7 28. Rg5 (28. axb3 Bb7 29. d7 Rd8 30. Qh6 Bg2 31. Rxg2 Rdxd7 32. Rxd7 Rxd7 33. Rxg7+ Rxg7 34. Qxg7#)) 23... Qe6 (23... Qf7 $18) 24. Rhg1 {[%emt 0:00:51] White mates.} Qe8 {[%emt 0:01:31] [#]} 25. Rxg7+ $3 Kxg7 26. Rg1+ {[%emt 0:00:05] Weighted Error Value: White=0.45/Black=0.80.  Loses game:     	---       	Black=1      Mistake:       	---       	Black=4      Inaccurate:     	White=1     	---        OK:         	White=4     	Black=3      Best:        	White=2     	Black=2} 1-0

[Event "FIDE WCCC Open-10 2024"]
[Site "Montesilvano"]
[Date "2024.11.25"]
[Round "10.35"]
[White "Shrubok, Herman"]
[Black "Akramov, Khusan"]
[Result "0-1"]
[Annotator "NA RC"]
[ECO "B15"]
[WhiteElo "1477"]
[BlackElo "1782"]
[PlyCount "116"]
[EventDate "2024.11.18"]
[EventType "swiss"]
[EventCountry "ITA"]
[SourceTitle "playchess.com"]
[Source "ChessBase"]
[SourceQuality "1"]
[TimeControl "5400+30"]

1. e4 c6 2. d4 d5 3. Nc3 dxe4 4. Nxe4 Nf6 5. Nxf6+ exf6 6. Be3 Bd6 7. Bd3 O-O 8. Ne2 Re8 9. O-O Nd7 10. Ng3 Nf8 11. c4 Be6 12. Qc2 Ng6 13. Rfd1 Rc8 14. Ne4 Bb8 15. Nc5 Qc7 16. g3 Bg4 17. Be2 Bxe2 18. Qxe2 f5 19. d5 cxd5 20. Rxd5 f4 21. gxf4 Nxf4 22. Bxf4 Qxf4 23. Qh5 Rc6 24. Rf5 Rg6+ 25. Kh1 Qc7 26. f4 b6 27. Nb3 Qxc4 28. Qf3 Qe6 29. Rg5 Rxg5 30. fxg5 Qe5 31. Qg2 a5 32. Rf1 a4 33. Nc1 Bd6 34. Nd3 Qe2 35. Qxe2 Rxe2 36. Rf2 Rxf2 37. Nxf2 Bf4 38. Ne4 Be5 39. b3 axb3 40. axb3 Kf8 41. Kg2 Ke7 42. h4 Ke6 43. Kf3 Kd5 44. Ke3 Kc6 45. Kd3 Kb5 46. Nd2 g6 47. Nf3 Bg7 48. Nd2 Kb4 49. Nc4 b5 50. Nd2 Bc3 51. Ne4 Be1 52. Nd6 Bxh4 53. Nxf7 Kxb3 54. Nd6 b4 55. Ne4 Ka2 56. Kc4 b3 57. Nc3+ Kb2 58. Nd1+ Kc1 0-1